 Dungeon Crawl Stone Soup version 0.30-a0-304-gdc4b735fe1 (webtiles) character file.

Game seed: 10502880011485066307

100 Iusername the Shield-Bearer (level 4, -12/41 HPs)
             Began as a Minotaur Fighter on Oct 20, 2022.
             Blown up by Ijyb (14 damage)
             ... with a mindburst bolt
             ... on level 3 of the Dungeon.
             The game lasted 00:02:14 (2164 turns).

Iusername the Shield-Bearer (Minotaur Fighter)      Turns: 2164, Time: 00:02:15

Health: -12/41     AC:  7    Str: 22    XL:     4   Next: 46%
Magic:  3/3        EV:  9    Int:  5    God:
Gold:   113        SH:  4    Dex: 10    Spells: 3/3 levels left

rFire   . . .      SeeInvis .    a - +0 war axe
rCold   . . .      Faith    .    c - +0 buckler
rNeg    . . .      Spirit   .    b - +0 scale mail
rPois   .          Reflect  .    (helmet restricted)
rElec   .          Harm     .    (no cloak)
rCorr   .          Rampage  .    (no gloves)
Will    .....                    (no boots)
Stlth   ..........               (no amulet)
HPRegen 0.26/turn                (no ring)
MPRegen 0.08/turn                (no ring)

@: no status effects
A: horns 2, retaliatory headbutt
a: no special abilities


You were on level 3 of the Dungeon.
You visited 1 branch of the dungeon, and saw 3 of its levels.

You collected 113 gold pieces.

Inventory:

Hand Weapons
 a - a +0 war axe (weapon)
Armour
 b - a +0 scale mail (worn)
 c - a +0 buckler (worn)
Scrolls
 e - a scroll of immolation {unknown}
 i - a scroll of enchant armour {unknown}
 j - 2 scrolls of identify {unknown}
 m - a scroll of teleportation {unknown}
Potions
 d - a potion of might
 f - 2 potions of cancellation {unknown}
 g - a potion of degeneration {unknown}
 h - a potion of haste {unknown}
 k - a potion of heal wounds {unknown}
 l - a potion of ambrosia {unknown}


   Skills:
 + Level 4.4 Fighting
 + Level 3.5 Axes
 + Level 4.4 Armour
 + Level 4.5 Shields


You had 3 spell levels left.
You didn't know any spells.
Your spell library contained the following spells:

 Spells                   Type           Power      Damage    Failure   Level
 Slow                     Hex            0%         N/A       87%         1
 Sting                    Tmut/Pois      0%         1d3       87%         1
 Summon Small Mammal      Summ           0%         N/A       87%         1
 Poisonous Vapours        Pois/Air       0%         N/A       95%         2
 Call Canine Familiar     Summ           0%         N/A       99%         3
 Confusing Touch          Hex            0%         N/A       99%         3
 Ozocubu's Armour         Ice            0%         N/A       99%         3
 Summon Guardian Golem    Hex/Summ       0%         N/A       99%         3
 Vampiric Draining        Necr           0%         2d6       99%         3
 Olgreb's Toxic Radiance  Pois           0%         N/A       100%        4
 Ozocubu's Refrigeration  Ice            0%         4d7       100%        7
 Ignition                 Fire           0%         3d3       100%        8


Dungeon Overview and Level Annotations

Branches:
Dungeon (3/15)

Altars:

Annotations:
D:3 Ijyb


Innate Abilities, Weirdness & Mutations

You have a pair of horns on your head.
You reflexively headbutt those who attack you in melee.


Message History

The orc wizard points at you and mumbles some strange words.
You are more confused.
The orc wizard closely misses you.
The orc wizard hits you with a +0 dagger.
You closely miss the orc wizard. Your headbutt misses the orc wizard.
The orc wizard hits you but does no damage.
The orc wizard gestures wildly while chanting.
The orc wizard flickers and vanishes!
Deactivating autopickup; reactivate with Ctrl-A.
You bump into the rock wall.
Something hits you but does no damage.
You feel less confused. Something hits you but does no damage.
Something hits you.
You hear some strange, mumbled words.
You are confused.
Found 13 gold pieces.
You miss something. Your headbutt misses something.
Something hits you but does no damage.
Ijyb the Twisted Goblin comes into view.
She is wielding a +0 dagger and carrying a wand of mindburst (9).
Ijyb shouts!
You feel less confused.
Ijyb drinks a potion.
Ijyb flickers and vanishes!
Something hits you but does no damage.
You hear some strange, mumbled words.
Something tries to affect you, but you resist.
Something hits you but does no damage. x2
You closely miss something.
You hear a zap.
Your mind is blasted!
A magic dart appears from out of thin air!
The magic dart hits something.
Something hits you but does no damage.
You barely miss something.
You hear a zap.
Your mind is blasted!
* * * LOW HITPOINT WARNING * * *
You hear some strange, mumbled words.
You hit something.
You hear a zap.
Your mind is blasted!
You die...

.# ...# ... #.#
#####.####
#........# #
#........#
#.####........#
#..@{.........#
......####........#
##### #........#
#...[....#
#.<......#
########...# .....
....$ .....


There were no monsters in sight!

Vanquished Creatures
  4 adders (D:2)
  A worm (D:2)
  A dart slug (D:1)
  6 orcs
  6 endoplasms
  2 giant cockroaches (D:1)
  3 goblins
  4 hobgoblins
  7 ball pythons
  7 bats
  4 frilled lizards
  4 kobolds
  3 rats
52 creatures vanquished.

Notes
Turn   | Place    | Note
-------+----------+-------------------------------------------
     0 | D:1      | Iusername the Minotaur Fighter began the quest for the Orb.
     0 | D:1      | Reached XP level 1. HP: 19/19 MP: 0/0
   181 | D:1      | Reached XP level 2. HP: 26/27 MP: 1/1
   785 | D:2      | Reached XP level 3. HP: 30/33 MP: 2/2
  1009 | D:2      | Found a faded altar of an unknown god.
  1040 | D:2      | Reached XP level 4. HP: 40/41 MP: 3/3
  1338 | D:2      | HP: 2/41 [orc/+0 mace (2)]
  2153 | D:3      | Noticed Ijyb
  2163 | D:3      | HP: 2/41 [disintegration (19)]
  2164 | D:3      | Blown up by Ijyb

Illustrated notes

Levels and vault maps discovered:
D:1:      evilmike_arrival_crescent, layout_loops_cross
D:2:      layout_basic, hellmonk_ecumenical_altar_prayer_group
D:3:      layout_rooms, feat_on_display, uniq_ijyb, uniq_crazy_yiuf_cottage

Skill      XL: |  1  2 |
---------------+-------+-----
Fighting       | 4 |  4.4
Armour         | 4 |  4.4
Axes           | 3 |  3.5
Shields        | 4 |  4.5

Action                   |  1- 3 |  4- 6 || total
-------------------------+-------+-------++-------
Melee: War axe           |    71 |    49 ||   120
       Headbutt          |     5 |     5 ||    10
Armor: Scale mail        |    47 |    29 ||    76
Dodge: Dodged            |    37 |    30 ||    67
Block: Buckler           |    15 |    15 ||    30

Table legend: (Time is in decaauts)
 A = Elapsed time spent in this place.
 B = Non-inter-level travel time spent in this place.
 C = Inter-level travel time spent in this place.
 D = Time resting spent in this place.
 E = Time spent auto-exploring this place.
 F = Levels seen in this place.
 G = Mean time per level.
                   A        B        C        D        E       F      G
               +--------+--------+--------+--------+--------+-----+--------+
         Total |   2213 |   2205 |      8 |    780 |   1080 |   3 |  737.7 |
       Dungeon |   2213 |   2205 |      8 |    780 |   1080 |   3 |  737.7 |
               +--------+--------+--------+--------+--------+-----+--------+

Top non-repeatable levels by time:
     D:2: 1402 daAuts
     D:1: 757 daAuts
     D:3: 54 daAuts
